[Event "Titled Tuesday Blitz July 11 Early 2023"]
[White "Concio, Michael Jr."]
[Black "Tologon tegin, Semetei"]
[WhiteFideId "5217873"]
[BlackFideId "13800574"]
[WhiteElo "2753"]
[BlackElo "2585"]
[Result "1-0"]
[Round "7"]
[TimeControl "180+2"]
[Date "2023.07.11"]
[WhiteClock "0:01:11"]
[BlackClock "0:00:07"]
[Board "39"]

1. e4 g6 2. Nc3 Bg7 3. Nge2 c5 4. g3 Nc6 5. Bg2 e6 6. O-O Nge7 7. d3 O-O 8. Be3 Nd4 9. Qd2 d6 10. Rae1 e5 11. Nd1 Be6 12. c4 Qd7 13. Nxd4 cxd4 14. Bh6 Bh3 15. Bxg7 Kxg7 16. f4 Bxg2 17. Kxg2 f5 18. Nf2 Rae8 19. Kg1 Qc6 20. fxe5 dxe5 21. Qa5 Nc8 22. exf5 Rxf5 23. Ne4 b6 24. Qa3 Ref8 25. Rxf5 gxf5 26. Nf2 Re8 27. b4 Re7 28. Qc1 h6 29. b5 Qc5 30. Qd1 Nd6 31. Qh5 e4 32. dxe4 fxe4 33. Qg4+ Qg5 34. Qe2 e3 35. Nh3 Qf5 36. Nf4 Qc5 37. Qg4+ Kf7 38. Qg6+ Kf8 39. Rf1 Qf5 40. Ne6+ Rxe6 41. Rxf5+ Nxf5 42. Qxe6 Ne7 43. Qf6+ Ke8 44. Qxd4 e2 45. Qe4 e1=Q+ 46. Qxe1 1-0


[Site "https://www.chess.com"]

[Event "Titled Tuesday Blitz July 11 Early 2023"]
[White "ArtemDyachuk"]
[Black "Bauman_Guy"]
[WhiteElo "2583"]
[BlackElo "2750"]
[Result "0-1"]
[Round "7"]
[TimeControl "180+2"]
[Date "2023.07.11"]
[WhiteClock "0:00:03"]
[BlackClock "0:00:41"]
[Board "40"]

1. e4 c5 2. Nf3 d6 3. d4 Nf6 4. Nc3 cxd4 5. Nxd4 a6 6. Qf3 Qb6 7. Nb3 Nbd7 8. Be3 Qc7 9. h3 h6 10. O-O-O g6 11. Bd4 e5 12. Be3 b5 13. g4 Bb7 14. g5 hxg5 15. Bxg5 Be7 16. Qg2 Rc8 17. Bd3 b4 18. Nd5 Nxd5 19. exd5 Bxg5+ 20. Qxg5 Bxd5 21. f4 Bxh1 22. Bxg6 Rg8 23. Bxf7+ Kxf7 24. Qh5+ Rg6 25. Qh7+ Rg7 26. Qf5+ Nf6 27. Rxh1 Rg2 28. c3 bxc3 29. fxe5 cxb2+ 30. Kb1 dxe5 31. Rf1 Qc2+ 32. Qxc2 Rgxc2 33. h4 Kg6 34. h5+ Nxh5 35. Rg1+ Kf5 36. Rf1+ Nf4 37. a4 a5 38. Re1 R8c3 39. Rf1 Kg4 40. Re1 e4 41. Nd4 Rc1+ 42. Kxb2 Nd3+ 43. Ka2 Rxe1 44. Nf3 Re2+ 45. Kb1 Rc1# 0-1


[Site "https://www.chess.com"]

[Event "Titled Tuesday Blitz July 11 Early 2023"]
[White "Prestia, Paris"]
[Black "Xu, Yi"]
[WhiteFideId "30925959"]
[BlackFideId "8605564"]
[WhiteElo "2581"]
[BlackElo "2734"]
[Result "1-0"]
[Round "7"]
[TimeControl "180+2"]
[Date "2023.07.11"]
[WhiteClock "0:00:24"]
[BlackClock "0:00:04"]
[Board "41"]

1. d4 Nf6 2. Bg5 Ne4 3. Bf4 c5 4. f3 Qa5+ 5. c3 Nf6 6. d5 d6 7. e4 g6 8. Nd2 Bg7 9. Nc4 Qd8 10. a4 O-O 11. Ne2 Nbd7 12. Ng3 a6 13. Be2 b6 14. Qd2 Bb7 15. Na3 Ne8 16. O-O Nc7 17. Bh6 Bxh6 18. Qxh6 e6 19. dxe6 fxe6 20. Rfd1 d5 21. Rd2 Qe7 22. Rad1 Bc6 23. a5 bxa5 24. Bd3 Qg7 25. Qg5 Ne5 26. f4 Nxd3 27. Rxd3 Rab8 28. R1d2 Qf6 29. Qxf6 Rxf6 30. exd5 exd5 31. Ne2 Bb5 32. Rf3 Bxe2 33. Rxe2 Re6 34. Rd2 Rb3 35. f5 Reb6 36. fxg6 hxg6 37. Rff2 a4 38. h4 Re6 39. Kh2 Rb8 40. g3 Rf8 41. Kh3 Rxf2 42. Rxf2 Nb5 43. Rd2 Re5 44. Kg4 Kf7 45. Kf4 Kf6 46. g4 Re4+ 47. Kf3 Nxa3 48. bxa3 Ke5 49. Rb2 Rc4 50. Rb6 Rxc3+ 51. Kg2 Rxa3 52. Rxg6 Kf4 53. h5 Ra2+ 54. Kh3 Ra1 55. Kh2 a3 56. h6 a2 57. Rxa6 Re1 58. Rxa2 Kxg4 59. h7 Re8 60. Rg2+ Kf5 61. Rg8 Re2+ 62. Kh3 Re1 63. Kg2 Re2+ 64. Kf1 Rh2 65. h8=Q Rxh8 66. Rxh8 Ke4 67. Ke2 Kd4 68. Rh4+ Kc3 69. Rh3+ Kc4 70. Kd2 d4 71. Rh5 Kb4 72. Kd3 Kb5 73. Rg5 Kb4 74. Rg8 Kb3 75. Rb8+ Ka2 76. Kc4 d3 77. Kxd3 1-0


[Site "https://www.chess.com"]

[Event "Titled Tuesday Blitz July 11 Early 2023"]
[White "Geivondian, Arman"]
[Black "Papasimakopoulos, Alexandros"]
[WhiteFideId "24102032"]
[BlackFideId "4244125"]
[WhiteElo "2578"]
[BlackElo "2729"]
[Result "0-1"]
[Round "7"]
[TimeControl "180+2"]
[Date "2023.07.11"]
[WhiteClock "0:00:10"]
[BlackClock "0:00:11"]
[Board "42"]

1. e4 e6 2. d4 d5 3. Nc3 Bb4 4. e5 c5 5. Bd2 Ne7 6. Nb5 Bxd2+ 7. Qxd2 O-O 8. dxc5 Nd7 9. b4 Nxe5 10. f4 N5c6 11. Nf3 a5 12. c3 b6 13. Bd3 axb4 14. cxb4 bxc5 15. bxc5 Qa5 16. Qxa5 Rxa5 17. Kd2 Ba6 18. a4 Nb4 19. Be2 Nec6 20. Rhc1 Ra8 21. Ne5 Bb7 22. Nd6 Ba6 23. Nb5 f6 24. Nd7 Bxb5 25. Bxb5 Nd4 26. Kc3 Nbc6 27. Bxc6 Nxc6 28. Kb3 Kf7 29. Nb6 R8a6 30. Rab1 d4 31. Kc4 e5 32. fxe5 fxe5 33. Kd5 Nd8 34. Kxe5 Ne6 35. Kd5 d3 36. Rf1+ Ke7 37. Rb5 Nc7+ 38. Kc6 Nxb5 39. axb5 Ra1 40. Rf3 d2 41. Rd3 R6a2 42. Nd5+ Kf7 43. Ne3 Re1 44. Nc4 d1=Q 45. Rxd1 Rxd1 46. b6 Rc2 47. b7 Rd8 48. Kc7 Rf8 49. Nd6+ Ke6 50. c6 Kd5 51. Kd7 Rxc6 52. Nc8 Rf7+ 53. Ne7+ Rxe7+ 54. Kxe7 Rc7+ 0-1


[Site "https://www.chess.com"]

[Event "Titled Tuesday Blitz July 11 Early 2023"]
[White "Schwabeneder, Florian"]
[Black "Michalczak, Thomas"]
[WhiteFideId "1626191"]
[BlackFideId "4622634"]
[WhiteElo "2726"]
[BlackElo "2576"]
[Result "1-0"]
[Round "7"]
[TimeControl "180+2"]
[Date "2023.07.11"]
[WhiteClock "0:02:07"]
[BlackClock "0:01:33"]
[Board "43"]

1. e4 e5 2. Nf3 Nc6 3. Bb5 a6 4. Ba4 Nf6 5. O-O Be7 6. d3 b5 7. Bb3 d6 8. Bd2 O-O 9. h3 Nd7 10. a3 Nc5 11. Bd5 Qe8 12. b4 Ne6 13. a4 Rb8 14. axb5 axb5 15. c3 Nf4 16. Bxf4 exf4 17. d4 Be6 18. Bxc6 1-0


[Site "https://www.chess.com"]

[Event "Titled Tuesday Blitz July 11 Early 2023"]
[White "Weetik, Vjacheslav"]
[Black "Siniauski, Artsiom"]
[WhiteFideId "4153472"]
[BlackFideId "13512269"]
[WhiteElo "2723"]
[BlackElo "2565"]
[Result "1/2-1/2"]
[Round "7"]
[TimeControl "180+2"]
[Date "2023.07.11"]
[WhiteClock "0:00:06"]
[BlackClock "0:00:10"]
[Board "44"]

1. d4 Nf6 2. c4 e6 3. g3 d5 4. Nf3 Bb4+ 5. Bd2 Be7 6. Bg2 c6 7. O-O O-O 8. Qc2 Nbd7 9. Rd1 Ne4 10. Nc3 f5 11. Be1 Ndf6 12. Ne5 Bd7 13. f3 Nd6 14. c5 Nf7 15. Nxd7 Qxd7 16. e4 fxe4 17. fxe4 dxe4 18. Nxe4 Nxe4 19. Qxe4 Bf6 20. Bc3 Rae8 21. h4 Qc7 22. Kh2 e5 23. d5 cxd5 24. Rxd5 b6 25. b4 bxc5 26. bxc5 Rc8 27. Rad1 Qc6 28. a3 Qb5 29. R1d2 Rfe8 30. Qb4 Qxb4 31. axb4 e4 32. Bxf6 gxf6 33. Re2 e3 34. Bh3 Rb8 35. c6 Rxb4 36. c7 Rc4 37. c8=Q Rcxc8 38. Bxc8 Rxc8 39. Rxe3 Ne5 40. Ra3 Rc7 41. Kh3 h5 42. Ra2 Kf7 43. Rda5 Kg6 44. Rxa7 Rc3 45. R7a3 Rc4 46. Ra6 Ng4 47. Kg2 Rc3 48. R6a3 Rc1 49. Re2 Rc4 50. Ra8 Rc1 51. Rg8+ Kh7 52. Rge8 Kg6 53. R2e7 Rc2+ 54. Kg1 Rc1+ 55. Kg2 Rc2+ 56. Kf1 Rc1+ 57. Ke2 Rc2+ 58. Kd3 Rg2 59. Ke4 Re2+ 60. Kd5 Rg2 61. Rg8+ Kf5 62. Rh7 Rxg3 63. Rxh5+ Kf4 64. Rhh8 Rd3+ 65. Ke6 Re3+ 66. Kf7 f5 67. h5 Ne5+ 68. Kf6 Ng4+ 69. Kf7 Ne5+ 70. Kg7 Ra3 71. h6 Ra7+ 72. Kf6 Ra6+ 73. Ke7 Ng6+ 74. Rxg6 Rxg6 75. Kf7 Ra6 76. h7 Ra7+ 77. Kg6 Ra6+ 78. Kh5 Ra7 79. Kh6 Ra6+ 80. Kh5 Ra7 81. Kg6 Ra6+ 82. Kg7 Ra7+ 83. Kf6 Ra6+ 84. Kf7 Ra7+ 85. Kg6 1/2-1/2


[Site "https://www.chess.com"]

[Event "Titled Tuesday Blitz July 11 Early 2023"]
[White "Jarovinsky, Alexey"]
[Black "Leon Oquendo, Jorge"]
[WhiteFideId "14115131"]
[BlackFideId "3514803"]
[WhiteElo "2722"]
[BlackElo "2569"]
[Result "1-0"]
[Round "7"]
[TimeControl "180+2"]
[Date "2023.07.11"]
[WhiteClock "0:00:24"]
[BlackClock "0:00:00"]
[Board "45"]

1. Nc3 c5 2. e4 Nc6 3. Bb5 e6 4. Bxc6 bxc6 5. d3 d5 6. Nf3 Nf6 7. O-O Be7 8. b3 O-O 9. Ba3 Qa5 10. Bb2 c4 11. e5 Nd7 12. dxc4 dxc4 13. Re1 Rd8 14. Qc1 Nb6 15. Ne4 Qd5 16. Qf4 c5 17. Nf6+ gxf6 18. exf6 Bf8 19. Re5 Qd7 20. Rae1 Bb7 21. Rg5+ Kh8 22. Ne5 Qe8 23. Qh4 Rd2 24. Rh5 Bh6 25. Rxh6 Qg8 26. g3 Rad8 27. Qh5 1-0


[Site "https://www.chess.com"]

[Event "Titled Tuesday Blitz July 11 Early 2023"]
[White "Kuzmin, Roman"]
[Black "Goryachkina, Aleksandra"]
[WhiteFideId "44134932"]
[BlackFideId "4147103"]
[WhiteElo "2559"]
[BlackElo "2721"]
[Result "1-0"]
[Round "7"]
[TimeControl "180+2"]
[Date "2023.07.11"]
[WhiteClock "0:00:15"]
[BlackClock "0:00:01"]
[Board "46"]

1. e4 c5 2. Nf3 e6 3. d4 cxd4 4. Nxd4 Nc6 5. Nc3 Qc7 6. Be3 a6 7. Qd2 Nf6 8. O-O-O Bb4 9. f3 b5 10. Bf4 Qb6 11. a3 Be7 12. Nxc6 dxc6 13. Bd6 Ra7 14. Bxe7 Rxe7 15. Qg5 O-O 16. e5 h6 17. Qh4 Qe3+ 18. Kb1 Qxe5 19. Bd3 Rd7 20. f4 Qc7 21. Rdf1 c5 22. g4 c4 23. g5 cxd3 24. gxf6 dxc2+ 25. Kxc2 Rfd8 26. Rhg1 Rd2+ 27. Kc1 Rxb2 28. Rxg7+ Kf8 29. Qg3 Ke8 30. Rg8+ Kd7 31. Rd1+ Kc6 32. Rdxd8 Bb7 33. Kxb2 Kb6 34. Qe3+ Ka5 35. Qd2 Qc4 36. Nd5+ Ka4 37. Nb6# 1-0


[Site "https://www.chess.com"]

[Event "Titled Tuesday Blitz July 11 Early 2023"]
[White "Shturman, Arseniy"]
[Black "Wagner, Dennis"]
[WhiteFideId "34275797"]
[BlackFideId "24650684"]
[WhiteElo "2552"]
[BlackElo "2720"]
[Result "0-1"]
[Round "7"]
[TimeControl "180+2"]
[Date "2023.07.11"]
[WhiteClock "0:00:03"]
[BlackClock "0:00:12"]
[Board "47"]

1. e4 c5 2. Nf3 d6 3. d4 cxd4 4. Nxd4 Nf6 5. Nc3 a6 6. Rg1 g6 7. g4 Nc6 8. g5 Nd7 9. Be3 h6 10. h4 hxg5 11. hxg5 Bg7 12. Qd2 Nde5 13. Be2 Ng4 14. Bxg4 Bxg4 15. f3 Bd7 16. O-O-O Ne5 17. b3 Qa5 18. Kb2 Rc8 19. Rgf1 Rh2 20. Qe1 Qb4 21. Bg1 Nc4+ 22. Kb1 Na3+ 23. Kb2 Nxc2 24. Nxc2 Bxc3+ 25. Kb1 Rxc2 26. Kxc2 Bxe1+ 27. Kd3 Bb5+ 28. Ke3 Rc3+ 29. Kf4 e5+ 30. Kg4 Bd7# 0-1


[Site "https://www.chess.com"]

[Event "Titled Tuesday Blitz July 11 Early 2023"]
[White "Haszon, David"]
[Black "Matinian, Nikita"]
[WhiteFideId "733610"]
[BlackFideId "24129100"]
[WhiteElo "2528"]
[BlackElo "2704"]
[Result "0-1"]
[Round "7"]
[TimeControl "180+2"]
[Date "2023.07.11"]
[WhiteClock "0:00:48"]
[BlackClock "0:01:55"]
[Board "48"]

1. d4 Nf6 2. Bf4 g6 3. Nc3 d5 4. Qd2 c6 5. f3 b5 6. O-O-O b4 7. Na4 a5 8. h4 Nbd7 9. g4 Ba6 10. e3 Bb5 11. Nc5 Nxc5 12. dxc5 e6 13. Be5 Rg8 14. Bxb5 cxb5 15. Qd3 Rb8 16. Bxb8 Qxb8 17. g5 Nd7 18. e4 Nxc5 19. Qe3 dxe4 20. Rh2 Qxh2 0-1


[Site "https://www.chess.com"]

[Event "Titled Tuesday Blitz July 11 Early 2023"]
[White "WindWhistler11"]
[Black "djokovic74"]
[WhiteElo "2526"]
[BlackElo "2703"]
[Result "0-1"]
[Round "7"]
[TimeControl "180+2"]
[Date "2023.07.11"]
[WhiteClock "0:00:04"]
[BlackClock "0:00:07"]
[Board "49"]

1. Nf3 Nf6 2. g3 d5 3. c4 e6 4. Bg2 Be7 5. O-O O-O 6. b3 d4 7. Bb2 c5 8. e3 Nc6 9. exd4 cxd4 10. Re1 Bc5 11. d3 Re8 12. a3 a5 13. Ne5 Nxe5 14. Rxe5 Nd7 15. Re1 e5 16. Nd2 Nf6 17. Nf3 Qc7 18. h3 h6 19. Nh4 Ra6 20. Bc1 g5 21. Nf3 Bf5 22. h4 g4 23. Nh2 Kg7 24. Rb1 e4 25. b4 axb4 26. axb4 Ba7 27. Bf4 Qd7 28. b5 Ra3 29. dxe4 Nxe4 30. Bxe4 Bxe4 31. b6 Bxb1 32. Rxe8 Qxe8 33. Qxb1 Bb8 34. Qc1 Qa4 35. Bxh6+ Kh7 36. Qg5 Ra1+ 37. Kg2 Qc6+ 38. f3 Qxh6 39. Qf5+ Qg6 40. Qc8 Qc2# 0-1


[Site "https://www.chess.com"]

[Event "Titled Tuesday Blitz July 11 Early 2023"]
[White "Moskvin, Anatoly"]
[Black "Jaracz, Pawel"]
[WhiteFideId "24199990"]
[BlackFideId "1102222"]
[WhiteElo "2525"]
[BlackElo "2703"]
[Result "1-0"]
[Round "7"]
[TimeControl "180+2"]
[Date "2023.07.11"]
[WhiteClock "0:00:29"]
[BlackClock "0:00:42"]
[Board "50"]

1. e4 e5 2. Nf3 Nc6 3. Bc4 Bc5 4. c3 Nf6 5. d3 O-O 6. Nbd2 d5 7. Bb3 Re8 8. a4 Bg4 9. h3 Bh5 10. Qe2 Qd7 11. g4 Bg6 12. Nh4 Rad8 13. Bc2 a6 14. Nf5 b5 15. Rg1 d4 16. axb5 axb5 17. Nb3 Bb6 18. Bg5 dxc3 19. bxc3 b4 20. Bxf6 gxf6 21. Qd2 bxc3 22. Qh6 Qxf5 23. gxf5 Re7 24. h4 Kh8 25. h5 Rg8 26. hxg6 fxg6 27. fxg6 Reg7 28. Rh1 Rxg6 29. Qxh7# 1-0


[Site "https://www.chess.com"]

[Event "Titled Tuesday Blitz July 11 Early 2023"]
[White "Shuvalova, Polina"]
[Black "Akylbek2021"]
[WhiteFideId "24171760"]
[WhiteElo "2690"]
[BlackElo "2519"]
[Result "1/2-1/2"]
[Round "7"]
[TimeControl "180+2"]
[Date "2023.07.11"]
[WhiteClock "0:00:17"]
[BlackClock "0:00:32"]
[Board "51"]

1. e4 e6 2. d4 d5 3. exd5 exd5 4. Nf3 Bd6 5. Bd3 Nc6 6. O-O Bg4 7. c3 Nge7 8. Re1 Qd7 9. Nbd2 f6 10. b4 O-O 11. Qc2 Bf5 12. Nf1 Rae8 13. Bd2 Bxd3 14. Qxd3 a6 15. a4 Qf5 16. Qxf5 Nxf5 17. Ng3 Nxg3 18. hxg3 Nb8 19. Bf4 Nc6 20. Nd2 Bxf4 21. gxf4 Kf7 22. Nb3 b6 23. Kf1 Re4 24. g3 Rfe8 25. Rxe4 dxe4 26. a5 bxa5 27. Nxa5 Ne7 28. c4 Nf5 29. d5 e3 30. Nc6 h5 31. Re1 exf2 32. Rxe8 Kxe8 33. Kxf2 Nd6 34. c5 Ne4+ 35. Kf3 Nc3 36. Nb8 Nxd5 37. Nxa6 c6 38. Ke4 Kd7 39. Kd4 g5 40. fxg5 fxg5 41. Nb8+ Kc7 42. Nxc6 h4 43. gxh4 gxh4 44. Ne5 h3 45. Nf3 Nxb4 46. Ke4 Kc6 47. Kf4 Kxc5 48. Kg3 Nd5 49. Kxh3 1/2-1/2


[Site "https://www.chess.com"]

[Event "Titled Tuesday Blitz July 11 Early 2023"]
[White "Materia, Marco"]
[Black "Ergazakis, Ioannis"]
[WhiteFideId "45150451"]
[BlackFideId "4290976"]
[WhiteElo "2688"]
[BlackElo "2510"]
[Result "1-0"]
[Round "7"]
[TimeControl "180+2"]
[Date "2023.07.11"]
[WhiteClock "0:00:56"]
[BlackClock "0:00:05"]
[Board "52"]

1. d4 Nf6 2. c4 g6 3. Nc3 Bg7 4. Nf3 O-O 5. e4 d6 6. Be2 e5 7. d5 a5 8. Bg5 h6 9. Bh4 Na6 10. Nd2 Bd7 11. a3 Qe8 12. b3 Nh7 13. O-O Bf6 14. Bxf6 Nxf6 15. Rb1 Kg7 16. b4 axb4 17. axb4 h5 18. c5 dxc5 19. Bxa6 cxb4 20. Bxb7 bxc3 21. Bxa8 cxd2 22. Bc6 Bxc6 23. dxc6 Qxc6 24. Qxd2 Qxe4 25. Rfe1 Qf5 26. Rbc1 Rc8 27. Rc6 h4 28. h3 Nh5 29. Qc3 Re8 30. Rc5 f6 31. Rxc7+ Kh6 32. Qc4 Nf4 33. Qf7 Rb8 34. Kh2 Rb2 35. Qf8+ Kg5 36. Rh7 Qc2 37. Qh6+ Kf5 38. Qxh4 Ke6 39. Qxf4 1-0


[Site "https://www.chess.com"]

[Event "Titled Tuesday Blitz July 11 Early 2023"]
[White "Keleberda, Tymur"]
[Black "Perez Candelario, Manuel"]
[WhiteFideId "14174294"]
[BlackFideId "2210622"]
[WhiteElo "2512"]
[BlackElo "2662"]
[Result "1/2-1/2"]
[Round "7"]
[TimeControl "180+2"]
[Date "2023.07.11"]
[WhiteClock "0:00:21"]
[BlackClock "0:00:26"]
[Board "53"]

1. e4 c5 2. Nf3 d6 3. d4 cxd4 4. Nxd4 Nf6 5. Nc3 g6 6. g3 Bg7 7. Bg2 O-O 8. h4 Nc6 9. Be3 Ng4 10. Nxc6 bxc6 11. Qd2 Nxe3 12. Qxe3 Qb6 13. Qxb6 axb6 14. Kd2 b5 15. a3 Be6 16. h5 Rab8 17. h6 Bd4 18. f4 Rfd8 19. Rhb1 Kf8 20. Ne2 Bh8 21. c3 c5 22. Ke3 f5 23. Rd1 Kf7 24. Ng1 Bf6 25. Nf3 fxe4 26. Kxe4 b4 27. axb4 cxb4 28. Nd4 bxc3 29. bxc3 Bd7 30. Kd3 Rb2 31. Bd5+ e6 32. Bf3 Bxd4 33. Kxd4 Ke7 34. Ra7 d5 35. Ke3 Rdb8 36. Rda1 R8b3 37. Kd3 Kd6 38. R1a6+ Rb6 39. Rxb6+ Rxb6 40. Kc2 Rb8 41. Be2 Rg8 42. Bd3 Rb8 43. Ra6+ Ke7 44. Ra7 Kd6 45. Ra6+ Kc7 46. Ra7+ Kd6 1/2-1/2


[Site "https://www.chess.com"]

[Event "Titled Tuesday Blitz July 11 Early 2023"]
[White "Komov, Roman"]
[Black "Romero Ruscalleda, Josep"]
[WhiteFideId "24175714"]
[BlackFideId "2231859"]
[WhiteElo "2661"]
[BlackElo "2423"]
[Result "1-0"]
[Round "7"]
[TimeControl "180+2"]
[Date "2023.07.11"]
[WhiteClock "0:00:03"]
[BlackClock "0:00:00"]
[Board "54"]

1. e4 g6 2. d4 Bg7 3. Nf3 d6 4. Be3 a6 5. Nc3 b5 6. Qd2 Bb7 7. Bd3 Nf6 8. a3 Ng4 9. Bf4 Nd7 10. h3 Ngf6 11. Bh6 Bxh6 12. Qxh6 e5 13. O-O-O Qe7 14. Rhe1 O-O-O 15. Qe3 Kb8 16. d5 Nc5 17. Bf1 Nh5 18. Kb1 f5 19. exf5 gxf5 20. Nd4 Qd7 21. Nb3 Nxb3 22. cxb3 f4 23. Qe4 Rdf8 24. a4 bxa4 25. bxa4 Qf5 26. a5 Qxe4+ 27. Rxe4 Ka7 28. Rc4 Rf7 29. b4 Nf6 30. b5 Rb8 31. Ka1 Bc8 32. Rb1 Bf5 33. Rb2 Rb7 34. Rcb4 axb5 35. Nxb5+ Kb8 36. a6 Rb6 37. Nxd6 cxd6 38. Rxb6+ Ka7 39. Rb7+ Rxb7 40. axb7 Kb8 41. Bc4 Ne4 42. f3 Nc5 43. Ka2 Bd7 44. Ka3 Be8 45. Kb4 Bg6 46. Ka5 Be8 47. Kb4 Bg6 48. Ka3 1-0


[Site "https://www.chess.com"]

[Event "Titled Tuesday Blitz July 11 Early 2023"]
[White "Rakitic2010"]
[Black "Katz, Alexander"]
[BlackFideId "2039796"]
[WhiteElo "2446"]
[BlackElo "2648"]
[Result "1-0"]
[Round "7"]
[TimeControl "180+2"]
[Date "2023.07.11"]
[WhiteClock "0:00:07"]
[BlackClock "0:00:01"]
[Board "55"]

1. e4 c5 2. Nf3 Nc6 3. d4 cxd4 4. Nxd4 g6 5. c4 Bg7 6. Be3 Nf6 7. Nc3 d6 8. f3 O-O 9. Be2 Nxd4 10. Bxd4 Be6 11. O-O a5 12. Rc1 a4 13. Qd2 Qa5 14. Rfd1 Rfc8 15. b3 axb3 16. axb3 Qb4 17. Qb2 Bxc4 18. Na2 Qa3 19. Qxa3 Rxa3 20. Bxc4 d5 21. Bxd5 Rxc1 22. Nxc1 b5 23. Bc6 b4 24. Bc5 Ra1 25. Rd8+ Bf8 26. Be3 Kg7 27. Kf2 e6 28. Nd3 Ra2+ 29. Kg3 Nh5+ 30. Kh3 Be7 31. Rd7 Bf6 32. e5 Bxe5 33. Nxe5 Re2 34. Rxf7+ Kg8 35. Bd4 g5 36. g3 Rd2 37. Be3 Re2 38. Ng4 Kxf7 39. Bxg5 Ng7 40. Be4 Nf5 41. Ne5+ Kg7 42. g4 Nd4 43. Nd3 Nxb3 44. Nxb4 Nd2 45. Bxd2 Rxd2 46. Nd3 h6 47. Kg3 Kf6 48. Nf4 e5 49. Nd5+ Ke6 50. Ne3 Kf6 51. h4 Rd8 52. Nd5+ Kg7 53. g5 hxg5 54. hxg5 Rf8 55. Kg4 Rf7 56. Bf5 Ra7 57. g6 Ra4+ 58. Be4 Ra1 59. Ne3 Rg1+ 60. Kf5 Rxg6 61. Kxe5 Ra6 62. f4 Kf7 63. Nd5 Ra5 64. f5 Ra1 65. Nf4 Ra5+ 66. Bd5+ Kf8 67. f6 Ra7 68. Ng6+ Ke8 69. Bc6+ Kf7 70. Nf4 Kf8 71. Bd5 Ke8 72. Kf5 Rc7 73. Kg6 Ra7 74. Ne6 Rd7 75. Ng7+ Kf8 76. Ne6+ Ke8 77. Be4 Ra7 78. Bc6+ Rd7 79. Bxd7+ Kxd7 80. Kf7 1-0


[Site "https://www.chess.com"]

[Event "Titled Tuesday Blitz July 11 Early 2023"]
[White "Jegorovas, Aleksandras"]
[Black "Arabidze, Meri"]
[WhiteFideId "12801950"]
[BlackFideId "13604040"]
[WhiteElo "2391"]
[BlackElo "2648"]
[Result "1-0"]
[Round "7"]
[TimeControl "180+2"]
[Date "2023.07.11"]
[WhiteClock "0:00:51"]
[BlackClock "0:00:02"]
[Board "56"]

1. Nf3 b6 2. c4 Bb7 3. Nc3 f5 4. g3 Nf6 5. Bg2 e6 6. O-O Bb4 7. d4 Bxc3 8. bxc3 O-O 9. d5 exd5 10. Nd4 Ne4 11. cxd5 Bxd5 12. c4 Bb7 13. Ba3 c5 14. Nb5 Rf6 15. Bb2 Re6 16. f3 Nf6 17. Nd6 Bc6 18. e4 fxe4 19. fxe4 Ne8 20. Nf5 Na6 21. Qg4 Rg6 22. Qf4 Nf6 23. Qd6 Nd5 24. Qe5 d6 25. Nh6+ Kh8 26. Nf7+ Kg8 27. Nxd8 dxe5 28. Nxc6 Ne3 29. Ne7+ Kh8 30. Nxg6+ hxg6 31. Bxe5 Nxf1 32. Rxf1 Nb4 33. Rf7 Nd3 34. Bxg7+ Kg8 35. Rb7 Rd8 36. e5 Nb2 37. Bd5+ 1-0


[Site "https://www.chess.com"]

[Event "Titled Tuesday Blitz July 11 Early 2023"]
[White "Lopez Idarraga, Daniel Eduardo"]
[Black "Goldin, Alexander"]
[WhiteFideId "4405501"]
[BlackFideId "2019540"]
[WhiteElo "2351"]
[BlackElo "2629"]
[Result "1-0"]
[Round "7"]
[TimeControl "180+2"]
[Date "2023.07.11"]
[WhiteClock "0:00:21"]
[BlackClock "0:00:01"]
[Board "57"]

1. e4 e5 2. Nf3 Nc6 3. Bb5 a6 4. Ba4 d6 5. c4 Bd7 6. Nc3 Nge7 7. h4 h5 8. d4 exd4 9. Nxd4 Nxd4 10. Qxd4 Bxa4 11. Nxa4 Ng6 12. Bg5 Be7 13. Bxe7 Qxe7 14. O-O-O Qe5 15. c5 O-O-O 16. Qxe5 dxe5 17. g3 Rxd1+ 18. Rxd1 Nf8 19. Rd5 f6 20. c6 b6 21. f4 exf4 22. gxf4 Ng6 23. Rd7 Rg8 24. Rd5 Nxf4 25. Rf5 Nd3+ 26. Kd2 Ne5 27. Rxh5 Nxc6 28. Nc3 Ne5 29. Ke2 Kd7 30. Rh7 c6 31. Nd1 Ke6 32. Ne3 g6 33. Ra7 a5 34. a4 Rh8 35. Rb7 Nd7 36. Ng2 Kd6 37. Kf3 g5 38. hxg5 fxg5 39. Ne3 Rh3+ 40. Ke2 Rh2+ 41. Kd3 Rh3 42. Ke2 Rh2+ 43. Kf3 Rxb2 44. Nc4+ Kc5 45. Nxb2 Ne5+ 46. Kg3 b5 47. Re7 Kd6 48. Rg7 b4 49. Rxg5 c5 50. Kf4 c4 51. Rxe5 c3 52. Rd5+ Kc6 53. Nd3 b3 54. Rc5+ 1-0


[Site "https://www.chess.com"]

[Event "Titled Tuesday Blitz July 11 Early 2023"]
[White "Iskusnyh, Sergei"]
[Black "Kev4444444444"]
[WhiteFideId "4120027"]
[WhiteElo "2624"]
[BlackElo "2233"]
[Result "1-0"]
[Round "7"]
[TimeControl "180+2"]
[Date "2023.07.11"]
[WhiteClock "0:00:14"]
[BlackClock "0:00:29"]
[Board "58"]

1. d4 d5 2. c4 e6 3. Nf3 Nf6 4. g3 Bb4+ 5. Nbd2 O-O 6. Bg2 dxc4 7. O-O b5 8. a4 c6 9. Qc2 h6 10. axb5 cxb5 11. Ng5 hxg5 12. Bxa8 Qxd4 13. Nf3 Qb6 14. Nxg5 Bc5 15. Bf3 Nbd7 16. Bd2 Ne5 17. Bg2 Neg4 18. e3 Ne5 19. Ba5 Qb8 20. Bc3 a6 21. Rfd1 Bd6 22. Ne4 Nxe4 23. Qxe4 Bc7 24. Qh4 Bb7 25. Bxb7 Qxb7 26. Bxe5 Bxe5 27. Rd8 Bf6 28. Rxf8+ Kxf8 29. Qh8+ Ke7 30. Rd1 Qc7 31. Rd2 b4 32. Qa8 a5 33. Qe4 c3 34. bxc3 Bxc3 35. Rd1 a4 36. h4 a3 37. Qc2 Qc4 38. Qa4 a2 39. Qa5 Kf6 40. Qg5# 1-0


[Site "https://www.chess.com"]

[Event "Titled Tuesday Blitz July 11 Early 2023"]
[White "Fiorito, Francisco"]
[Black "Dau Khuong Duy"]
[WhiteFideId "180165"]
[BlackFideId "12424722"]
[WhiteElo "2537"]
[BlackElo "2888"]
[Result "1-0"]
[Round "7"]
[TimeControl "180+2"]
[Date "2023.07.11"]
[WhiteClock "0:00:10"]
[BlackClock "0:00:05"]
[Board "59"]

1. d4 Nf6 2. Nc3 d5 3. Bf4 g6 4. e3 Bg7 5. Nf3 O-O 6. h4 h5 7. Ne5 Nbd7 8. Be2 c6 9. Qd2 Nxe5 10. Bxe5 b5 11. f3 a5 12. g4 hxg4 13. Bxf6 exf6 14. fxg4 Re8 15. h5 Qe7 16. hxg6 fxg6 17. Rh3 a4 18. Nd1 b4 19. a3 Rb8 20. axb4 Rxb4 21. Ra3 f5 22. gxf5 Bxf5 23. Rh1 c5 24. c3 Rbb8 25. Rxa4 cxd4 26. cxd4 Rbc8 27. Bd3 Qd7 28. Rb4 Bxd3 29. Qxd3 Qg4 30. Qe2 Qe4 31. Qh2 g5 32. Rg1 Rc2 33. Qg3 Qd3 34. Rg2 Rf8 35. Rb8 Rxb8 36. Qxb8+ Kh7 37. Qh2+ 1-0


[Site "https://www.chess.com"]

[Event "Titled Tuesday Blitz July 11 Early 2023"]
[White "Amilal Munkhdalai"]
[Black "Pham, Le Thao Nguyen"]
[WhiteFideId "4903250"]
[BlackFideId "12401226"]
[WhiteElo "2689"]
[BlackElo "2537"]
[Result "1-0"]
[Round "7"]
[TimeControl "180+2"]
[Date "2023.07.11"]
[WhiteClock "0:01:13"]
[BlackClock "0:00:00"]
[Board "60"]

1. e4 c6 2. Nc3 d5 3. Nf3 dxe4 4. Nxe4 Nf6 5. Qe2 Nxe4 6. Qxe4 Qa5 7. Bc4 Bf5 8. Qf4 e6 9. Bb3 Nd7 10. O-O Be7 11. d4 O-O 12. Bd2 Qd8 13. Rfe1 Re8 14. Qg3 Bg6 15. Bg5 a5 16. a4 Bxg5 17. Nxg5 Nf8 18. Rad1 Qb8 19. Qe3 Qd6 20. h4 h6 21. Nh3 Bf5 22. Nf4 Ng6 23. Nxg6 Bxg6 24. Qe5 Qxe5 25. Rxe5 Red8 26. c3 b6 27. Rde1 Rd6 28. h5 Bd3 29. R1e3 Ba6 30. g4 Rc8 31. g5 c5 32. g6 c4 33. Bc2 Bb7 34. f4 Bd5 35. gxf7+ Kxf7 36. f5 Rcc6 37. Kf2 Kf6 38. fxe6 Bxe6 39. Rf3+ Ke7 40. Be4 Kd7 41. d5 Bxd5 42. Rxd5 Rxd5 43. Bxd5 Rd6 44. Rf7+ Ke8 45. Bxc4 Rd2+ 46. Ke3 Rxb2 47. Rxg7 Rh2 48. Rh7 Rh3+ 49. Kd2 1-0


[Site "https://www.chess.com"]